 Dungeon Crawl Stone Soup version 0.21.0-30-g47ce8e4cbb (webtiles) character file.

15708 KamiKatze the Destroyer (level 12, -10/59 HPs)
             Began as a Deep Elf Conjurer on Jan 28, 2018.
             Was a High Priest of Sif Muna.
             Mangled by Gastronok (31 damage)
             ... on level 2 of the Lair of Beasts.
             The game lasted 01:05:49 (11557 turns).

KamiKatze the Destroyer (Deep Elf Conjurer)        Turns: 11557, Time: 01:05:50

Health: -10/59     AC: 10    Str:  8    XL:     12   Next: 3%
Magic:  30/30      EV: 14    Int: 26    God:    Sif Muna [*****.]
Gold:   587        SH:  0    Dex: 15    Spells: 8/35 levels left

rFire    . . .     SeeInvis +   a - +3 dagger (holy)
rCold    . . .     Gourm    .   (no shield)
rNeg     + . .     Faith    .   B - +2 robe {MR+}
rPois    .         Spirit   .   l - +1 helmet
rElec    .         Reflect  .   J - +0 cloak
rCorr    .         Harm     .   x - +2 pair of gloves {Str+3}
MR       ++...                  (no boots)
Stlth    ++........             t - amulet of magic regeneration
HPRegen  0.19/turn              k - ring of see invisible
MPRegen  0.47/turn              K - ring of positive energy

@: no status effects
A: no striking features
a: Divine Energy, Channel Magic, Forget Spell, Renounce Religion


You were on level 2 of the Lair of Beasts.
You worshipped Sif Muna.
Sif Muna was extremely pleased with you.
You were not hungry.

You visited 3 branches of the dungeon, and saw 13 of its levels.
You also visited: Ossuary.

You collected 871 gold pieces.
You spent 284 gold pieces at shops.

Inventory:

Hand Weapons
 a - a +3 dagger of holy wrath (weapon)
 b - a +1 hand axe of electrocution
Missiles
 r - 3 throwing nets (quivered)
Armour
 l - a +1 helmet (worn)
 x - a +2 pair of gloves of strength (worn)
 B - a +2 robe of magic resistance (worn)
 J - a +0 cloak (worn)
Jewellery
 k - a ring of see invisible (left hand)
 t - an amulet of magic regeneration (around neck)
 K - a ring of positive energy (right hand)
Wands
 s - a wand of disintegration (11)
 N - a wand of flame (11)
 O - a wand of clouds (4)
Scrolls
 f - a scroll of fear
 j - 2 scrolls of blinking
 m - 5 scrolls of teleportation
 w - 2 scrolls of fog
 y - 4 scrolls of remove curse
 C - a scroll of enchant armour {unknown}
 D - a scroll of holy word {unknown}
 G - a scroll of magic mapping
Potions
 d - 4 potions of curing
 e - 6 potions of resistance
 g - 2 potions of might
 i - 2 potions of agility
 n - 6 potions of flight
 q - a potion of invisibility
 u - 2 potions of brilliance
 F - a potion of ambrosia
 M - 4 potions of berserk rage
 P - a potion of lignification
 T - a potion of haste
Books
 p - Sif Muna's Guide on Ignition
   (Sif Muna gifted it to you on level 2 of the Lair of Beasts)

   Spells                             Type                      Level
   a - Flame Tongue                   Conjuration/Fire             1
   b - Conjure Flame                  Conjuration/Fire             3
   c - Sticky Flame                   Conjuration/Fire             4
   d - Bolt of Magma                  Conjuration/Fire/Earth       5
   e - Bolt of Fire                   Conjuration/Fire             6
   f - Fire Storm                     Conjuration/Fire             9
Comestibles
 c - 17 rations
 h - 2 chunks of flesh


   Skills:
 + Level 4.0 Dodging
 - Level 2.4 Stealth
 * Level 12.0 Spellcasting
 * Level 13.2 Conjurations
 - Level 10.0 Hexes
 - Level 5.0 Translocations
 + Level 7.3 Fire Magic
 + Level 6.2 Invocations


You had 8 spell levels left.
You knew the following spells:

 Your Spells              Type           Power        Failure   Level  Hunger
a - Magic Dart            Conj           ####         0%          1    None
b - Searing Ray           Conj           ######       1%          2    None
c - Dazzling Spray        Conj/Hex       ######       1%          3    None
d - Iskenderun's Mystic   Conj           ######..     1%          4    None
e - Fulminant Prism       Conj/Hex       ######....   1%          4    None
f - Force Lance           Conj/Tloc      ######..     1%          4    None
g - Sticky Flame          Conj/Fire      ######..     1%          4    None
h - Fireball              Conj/Fire      ######....   1%          5    ###....


Dungeon Overview and Level Annotations

Branches:
Dungeon (10/15)            Temple (1/1) D:4            Lair (2/6) D:10
  Swamp: Lair:2-4    Shoals: Lair:2-4     Snake: Lair:2-4    Spider: Lair:2-4
    Orc: D:9-12

Altars:
Ashenzari
Cheibriados
Dithmenos
Elyvilon
Fedhas
Gozag
Hepliaklqana
Kikubaaqudgha
Makhleb
Nemelex Xobeh
Okawaru
Qazlal
Ru
Sif Muna
Trog
Uskayaw
Vehumet
Wu Jian
Xom
Yredelemnul
Zin
The Shining One

Shops:
D:9 *

Annotations:
Lair:2 Gastronok, Sonja


Message History

You hit Gastronok.
Gastronok is almost dead.
The bat hits you but does no damage. The rat bites you but does no damage.
Casting: Magic Dart
Confirm with . or Enter, or press ? or * to list all spells.
Aiming: Iskenderun's Mystic Blast
Press: ? - help, Shift-Dir - straight line, f/p - Gastronok
Aim: Gastronok, wearing a glowing hat (almost dead, covering ground quickly)
The orb of energy hits Gastronok.
Gastronok is almost dead.
The orb of energy explodes!
The bat hits you but does no damage. The rat bites you. Gastronok bites you!!
* * * LOW HITPOINT WARNING * * *
Unknown command.
You feel much better. The bat closely misses you.
The rat bites you but does no damage. The bat hits you but does no damage.
Magic courses through your body. The bat misses you. The rat bites you.
The bat closely misses you. Gastronok bites you!!
Ouch! That really hurt!
You die...

### ##..## ## ####
##..###.#.. #.##PP####
........... .....P....
.........P #.......
.......#########....##
#.....#......##.....#
#...rw##.............
.##...@b.#......#...#+.
.........##......#.##...
..#...(..#......#.......
##......#......#......
#.....#.#######...#.8
........#######.....#..
..................#.#..
...................#...
....................#.'


You could see Gastronok, a bat and a rat.

Vanquished Creatures
  A hydra (Lair:1)
  Erica (Lair:1)
  3 two-headed ogres
  Nergalle (Lair:2)
  3 unseen horrors (D:10)
  A spiny frog (Lair:1)
  A komodo dragon (Lair:2)
  2 trolls
  A merfolk (D:9)
  9 blink frogs
  4 hippogriffs
  2 wraiths (Ossuary)
  8 yaks
  A wyvern (Lair:2)
  A steam dragon (D:10)
  2 water moccasins (Lair:1)
  4 porcupines
  3 orc warriors
  3 black bears
  A hornet zombie (D:10)
  A sky beast (D:7)
  6 ice beasts
  3 phantoms
  4 ogres
  2 centaurs
  5 crocodiles
  5 bullfrogs
  Blork the orc (D:6)
  2 scorpions
  4 killer bees (D:10)
  5 wights
  An electric eel (Lair:2)
  2 howler monkeys (D:7)
  A crimson imp (D:6)
  A centaur zombie (D:7)
  A bullfrog zombie (D:4)
  4 hounds
  2 jellies
  A gnoll shaman (D:3)
  2 orc priests
  2 bullfrog skeletons
  2 centaur skeletons
  3 iguanas
  Natasha (thrice) (D:2)
  4 orc wizards
  Terence (D:3)
  5 worker ants
  A hound zombie (D:7)
  A worker ant zombie (D:9)
  A howler monkey zombie (D:7)
  3 gnolls (D:3)
  13 adders
  2 shadow imps
  4 oozes
  An adder zombie (Ossuary)
  2 adder skeletons
  4 worms
  6 leopard geckos
  15 orcs
  4 ball pythons
  4 giant cockroaches
  4 goblins
  7 hobgoblins
  10 jackals
  6 quokkas
  2 ball python skeletons (Ossuary)
  3 bats
  4 frilled lizards
  2 hobgoblin zombies (Ossuary)
  12 kobolds
  3 kobold zombies (Ossuary)
  A leopard gecko skeleton (D:7)
  A leopard gecko zombie (D:7)
  An orc skeleton (Ossuary)
  An orc zombie (Ossuary)
  5 rats
248 creatures vanquished.

Vanquished Creatures (others)
  A worker ant (D:10)
  55 fulminant prisms
  3 fungi
  2 plants
61 creatures vanquished.

Grand Total: 309 creatures vanquished

Notes
Turn   | Place    | Note
-------+----------+-------------------------------------------
     0 | D:1      | KamiKatze the Deep Elf Conjurer began the quest for the Orb.
     0 | D:1      | Reached XP level 1. HP: 10/10 MP: 6/6
    64 | D:1      | Reached XP level 2. HP: 10/15 MP: 4/8
    68 | D:1      | Learned a level 2 spell: Searing Ray
   399 | D:1      | Reached skill level 5 in Conjurations
   457 | D:1      | Reached XP level 3. HP: 15/19 MP: 0/10
   462 | D:1      | Learned a level 3 spell: Dazzling Spray
  1070 | D:1      | Reached XP level 4. HP: 6/24 MP: 0/12
  1345 | D:2      | Noticed Natasha
  1350 | D:2      | Killed Natasha
  1385 | D:1      | Reached skill level 6 in Conjurations
  1559 | D:2      | Noticed Natasha
  1564 | D:2      | Killed Natasha
  1592 | D:2      | Reached XP level 5. HP: 21/28 MP: 3/14
  1602 | D:2      | Learned a level 4 spell: Iskenderun's Mystic Blast
  1858 | D:2      | Noticed Natasha
  1866 | D:2      | Killed Natasha
  1866 | D:2      | Reached skill level 5 in Spellcasting
  2093 | D:3      | Noticed Terence
  2097 | D:3      | Killed Terence
  2246 | D:3      | Reached skill level 1 in Hexes
  2317 | D:3      | Reached XP level 6. HP: 32/32 MP: 10/15
  2320 | D:3      | Reached skill level 7 in Conjurations
  2649 | D:3      | Learned a level 4 spell: Fulminant Prism
  3258 | D:4      | Reached XP level 7. HP: 36/36 MP: 9/17
  3298 | D:4      | Found a shattered altar of Ashenzari.
  3373 | D:4      | Found a staircase to the Ecumenical Temple.
  3385 | Temple   | Entered the Ecumenical Temple
  3577 | Temple   | Became a worshipper of Sif Muna the Loreminder
  3707 | D:5      | Entered Level 5 of the Dungeon
  3748 | D:5      | Reached skill level 8 in Conjurations
  4199 | D:5      | Found an opulent altar of Gozag.
  4199 | D:5      | Found a glowing silver altar of Zin.
  4276 | D:6      | Found a sand-covered staircase.
  4317 | D:6      | Found a blossoming altar of Fedhas.
  4334 | Ossuary  | Entered an ossuary
  4460 | Ossuary  | Noticed a wraith
  4460 | Ossuary  | Noticed a flying skull
  4493 | Ossuary  | Noticed a flying skull
  4494 | Ossuary  | Noticed a flying skull
  4502 | Ossuary  | Noticed a wraith
  4508 | Ossuary  | Killed a wraith
  4508 | Ossuary  | Reached * piety under Sif Muna
  4508 | Ossuary  | Reached XP level 8. HP: 16/41 MP: 6/20
  4712 | Ossuary  | Reached skill level 9 in Conjurations
  4712 | Ossuary  | Reached skill level 5 in Hexes
  4774 | Ossuary  | Noticed a flying skull
  5027 | D:6      | Noticed Blork the orc
  5033 | D:6      | Killed Blork the orc
  5147 | D:6      | Found a bloodstained altar of Trog.
  5250 | D:6      | Learned a level 4 spell: Force Lance
  5274 | D:7      | Reached skill level 10 in Conjurations
  5308 | D:7      | Reached ** piety under Sif Muna
  5308 | D:7      | Reached skill level 1 in Translocations
  5388 | D:7      | Reached XP level 9. HP: 45/45 MP: 14/23
  5807 | D:7      | Found a blossoming altar of Fedhas.
  5855 | D:7      | Found an ornate altar of the Wu Jian Council.
  6026 | D:7      | Found a burning altar of Makhleb.
  6331 | D:8      | Reached *** piety under Sif Muna
  6569 | D:8      | Reached skill level 1 in Invocations
  6615 | D:8      | Identified the Incunabulum of Stones and the Arsonist
  6622 | D:8      | Learned a level 4 spell: Sticky Flame
  6808 | D:8      | Noticed a two-headed ogre
  6819 | D:8      | Killed a two-headed ogre
  6819 | D:8      | Reached skill level 11 in Conjurations
  6910 | D:9      | Noticed a troll
  6924 | D:9      | Killed a troll
  7025 | D:9      | Reached XP level 10. HP: 23/50 MP: 19/25
  7118 | D:9      | Reached **** piety under Sif Muna
  7405 | D:9      | Noticed a two-headed ogre
  7427 | D:9      | Killed a two-headed ogre
  7448 | D:9      | Found Fuentuopn's Assorted Antiques.
  7455 | D:9      | Bought a scroll labeled AFEASOLL LULA for 34 gold pieces
  7458 | D:9      | Bought 2 bubbling inky potions for 61 gold pieces
  7460 | D:9      | Bought a scroll labeled DOIWO DAC JARPH for 34 gold pieces
  7474 | D:9      | Bought a yellow potion for 30 gold pieces
  7479 | D:9      | Bought a glowing robe for 125 gold pieces
  7809 | D:10     | Entered Level 10 of the Dungeon
  7915 | D:10     | Noticed a two-headed ogre
  7924 | D:10     | Killed a two-headed ogre
  7924 | D:10     | Reached skill level 10 in Spellcasting
  7924 | D:10     | Reached skill level 5 in Fire Magic
  8206 | D:10     | Reached skill level 5 in Translocations
  8249 | D:10     | Noticed an unseen horror
  8256 | D:10     | Killed an unseen horror
  8256 | D:10     | Reached ***** piety under Sif Muna
  8256 | D:10     | Received a gift from Sif Muna
  8599 | D:10     | Noticed an unseen horror
  8611 | D:10     | Killed an unseen horror
  8611 | D:10     | Reached skill level 12 in Conjurations
  8611 | D:10     | Reached XP level 11. HP: 47/54 MP: 13/27
  8729 | D:10     | Found a staircase to the Lair.
  8771 | D:10     | Learned a level 5 spell: Fireball
  9083 | D:10     | Noticed an unseen horror
  9088 | D:10     | Killed an unseen horror
  9412 | Lair:1   | Entered Level 1 of the Lair of Beasts
  9525 | Lair:1   | Noticed a six-headed hydra
  9536 | Lair:1   | Killed a six-headed hydra
  9536 | Lair:1   | Reached skill level 5 in Invocations
  9612 | Lair:1   | Noticed Erica
  9617 | Lair:1   | Killed Erica
 10722 | Lair:1   | Reached skill level 10 in Hexes
 10840 | Lair:2   | Identified Sif Muna's Guide on Ignition (Sif Muna gifted it to you on level 2 of the Lair of Beasts)
 10840 | Lair:2   | Received a gift from Sif Muna
 10862 | Lair:2   | Noticed Nergalle
 10874 | Lair:2   | Killed Nergalle
 10874 | Lair:2   | Reached skill level 13 in Conjurations
 10909 | Lair:2   | Identified a scroll of acquirement
 11130 | Lair:2   | HP: 1/54 [blink frog (12)]
 11145 | Lair:2   | HP: 2/54 [porcupine (9)]
 11231 | Lair:2   | Noticed Sonja
 11279 | Lair:1   | Reached XP level 12. HP: 21/59 MP: 22/29
 11536 | Lair:2   | Noticed Gastronok
 11557 | Lair:2   | Mangled by Gastronok

Skill      XL: |  1  2  3  4  5  6  7  8  9 10 11 12 |
---------------+-------------------------------------+-----
Conjurations   | 5 6 7 8 10 11 12 13 | 13.2
Spellcasting   | 4 5 7 8 9 10 11 12 | 12.0
Hexes          | 1 2 4 6 8 9 10 | 10.0
Translocations | 1 4 5 |  5.0
Invocations    | 2 4 6 |  6.2
Fire Magic     | 3 6 7 |  7.3
Dodging        | 3 4 |  4.0
Stealth        | |  2.4

Action                   |  1- 3 |  4- 6 |  7- 9 | 10-12 || total
-------------------------+-------+-------+-------+-------++-------
Melee: Dagger            |    28 |    27 |    20 |    20 ||    95
 Cast: Magic Dart        |    51 |    70 |    87 |    67 ||   275
       Searing Ray       |     6 |    19 |    24 |    26 ||    75
       Dazzling Spray    |     1 |       |     2 |     8 ||    11
       Iskenderun's Myst |       |       |    25 |    83 ||   108
       Fulminant Prism   |       |       |    17 |    38 ||    55
       Sticky Flame      |       |       |     3 |       ||     3
       Force Lance       |       |       |       |    10 ||    10
       Fireball          |       |       |       |     3 ||     3
Invok: Divine Energy     |       |       |     2 |       ||     2
       Stop Divine Energ |       |       |     2 |       ||     2
       Channel Magic     |       |       |       |     1 ||     1
  Use: Scroll            |     1 |     9 |     2 |    13 ||    25
       Potion            |     1 |       |       |     6 ||     7
 Stab: Sleeping          |     2 |       |     1 |       ||     3
       Invisible         |       |       |       |     2 ||     2
  Eat: Chunk             |       |     7 |     8 |    14 ||    29
       Ration            |       |       |     2 |       ||     2
Armor: Robe              |    13 |    15 |     4 |    37 ||    69
Dodge: Dodged            |    25 |    42 |    32 |    85 ||   184
